 Dungeon Crawl Stone Soup version 0.31-a0-157-g0643eb4156 (webtiles) character file.

Game seed: 6102964155574151834

1500 qw the Skirmisher (level 8, 0/74 HPs)
             Began as a Naga Hunter on June 12, 2023.
             Was an Initiate of Okawaru.
             Slain by a gnoll
             ... wielding a +0 club
             ... led by a gnoll sergeant
              (3 damage)
             ... on level 7 of the Dungeon.
             The game lasted 00:01:33 (4688 turns).

qw the Skirmisher (Naga Hunter)                     Turns: 4688, Time: 00:01:33

Health: 0/74       AC: 10    Str: 13    XL:     8   Next: 81%
Magic:  8/8        EV: 11    Int: 11    God:    Okawaru [......]
Gold:   441        SH:  0    Dex: 22    Spells: 7/7 levels left

rFire   . . .        Y - +5 longbow (flame)
rCold   + . .        (shield currently unavailable)
rNeg    . . .        c - +0 leather armour
rPois   +            d - +2 helmet
rElec   .            m - +0 cloak
rCorr   .            l - +1 pair of gloves
SInv    +            (no barding)
Will    +....        (no amulet)
Stlth   ++           f - +6 ring of dexterity
HPRegen 0.32/turn    i - ring of protection from cold
MPRegen 0.11/turn

%: no passive effects
@: about to teleport, short of breath, very slow
A: AC +2, large, see invisible, deformed body, poison resistance, slowness 2,
spit poison 1, naga tail 1
a: Spit Poison, Renounce Religion


You were on level 7 of the Dungeon.
You worshipped Okawaru.
Okawaru was noncommittal.
You visited 2 branches of the dungeon, and saw 8 of its levels.

You collected 441 gold pieces.


Innate Abilities, Weirdness & Mutations

Your serpentine skin is tough. (AC +2)
You have supernaturally acute eyesight. (SInv)
Armour fits poorly on your strangely shaped body.
Your system is resistant to poisons. (rPois)
You cover ground very slowly.
You can spit poison.
You have a snake-like lower body.


   Skills:
 - Level 5.0 Fighting
 + Level 8.5 Ranged Weapons
 - Level 2.4 Armour
 - Level 3.2 Dodging
 - Level 1.5 Stealth


You had 7 spell levels left.
You didn't know any spells.
Your spell library was empty.

Inventory:

Hand Weapons
 Y - a +5 longbow of flaming (weapon)
Armour
 c - a +0 leather armour (worn)
 d - a +2 helmet (worn)
 l - a +1 pair of gloves (worn)
 m - a +0 cloak (worn)
Jewellery
 b - a ring of resist corrosion
 f - a +6 ring of dexterity (left hand)
 i - a ring of protection from cold (right hand)
 j - a ring of positive energy
 k - a ring of protection from fire
 o - a ring of willpower
 p - a +4 ring of protection
Scrolls
 a - 3 scrolls of identify
 n - a scroll of teleportation
Potions
 e - 2 potions of curing
 g - 3 potions of might
 h - 2 potions of haste

Dungeon Overview and Level Annotations

Branches:
Dungeon (7/15)             Temple (1/1) D:6

Altars:
Ashenzari
Cheibriados
Dithmenos
Elyvilon
Fedhas
Gozag
Makhleb
Okawaru
Qazlal
Ru
Trog
Uskayaw
Wu Jian
Xom


Message History

The gnoll barely misses you.
4682 ||| INVOKING Spit Poison.
Aiming: Spit Poison (1% risk of failure)
Press: ? - help, Shift-Dir - straight line, f/p - gnoll sergeant The splash of poison hits the gnoll sergeant but does no damage.
The gnoll sergeant is poisoned.
The gnoll sergeant barely misses you. The gnoll barely misses you.
You shoot an arrow. The gnoll shouts! x2
The arrow hits the gnoll sergeant but does no damage.
The gnoll sergeant is lightly wounded.
The gnoll sergeant hits you from afar with a +0 trident.
The gnoll hits you from afar with a +0 halberd.
You shoot an arrow. The gnoll sergeant blocks the arrow.
The gnoll sergeant barely misses you. The gnoll closely misses you.
You shoot an arrow. The gnoll sergeant blocks the arrow.
You have got your breath back.
The gnoll sergeant hits you from afar with a +0 trident!
The gnoll hits you from afar with a +0 halberd.
The gnoll sergeant hits you from afar with a +0 trident.
The gnoll hits you but does no damage.
4686 ||| INVOKING Spit Poison.
Aiming: Spit Poison (1% risk of failure)
Press: ? - help, Shift-Dir - straight line, f - gnoll, p - gnoll sergeant The splash of poison hits the gnoll!
The gnoll is heavily wounded.
The gnoll sergeant hits you from afar with a +0 trident!
The gnoll hits you from afar with a +0 halberd!
The gnoll hits you with a +0 club.
4687 ||| READING 2 scrolls of teleportation.
As you read the scroll of teleportation, it crumbles to dust.
You feel strangely unstable.
The gnoll sergeant hits you but does no damage.
The gnoll hits you from afar with a +0 halberd.
The gnoll hits you but does no damage. The gnoll closely misses you.
You shoot an arrow. The arrow closely misses the gnoll.
The gnoll sergeant hits you but does no damage.
The gnoll hits you from afar with a +0 halberd.
The gnoll hits you with a +0 club. x2
You die...

......##...#.#..####
...................#
##......#..........#
#..####....##......##
#.## #.............#
#. #.##.......#..## .
... ........####
.###..........#
##.......g@#
........g...#
..PPP..gg.....#
.PP..P..........
.PP_PP)..#.##...
..PPPP...#.# ..
.P....).... .
..........##


You could see a gnoll sergeant (poisoned) and 3 gnolls.

Vanquished Creatures
  A vampire (D:6)
  An ice beast (D:6)
  2 ogres (D:6)
  A centaur (D:5)
  2 phantoms (D:5)
  A kobold brigand (D:7)
  Blork the orc (D:4)
  A gnoll sergeant (D:5)
  A bullfrog (D:6)
  3 scorpions
  A hound (D:6)
  An orc priest (D:7)
  A jelly (D:5)
  Jessica (D:3)
  3 iguanas (D:5)
  2 orc wizards (D:3)
  2 adders
  6 gnolls
  2 worms
  2 dart slugs (D:1)
  12 orcs
  3 ball pythons
  8 endoplasms
  A giant cockroach (D:1)
  5 goblins
  9 hobgoblins
  5 quokkas
  9 bats
  A frilled lizard (D:3)
  11 kobolds
  A rat (D:1)
100 creatures vanquished.

Notes
Turn   | Place    | Note
-------+----------+-------------------------------------------
     0 | D:1      | qw the Naga Hunter began the quest for the Orb.
     0 | D:1      | Reached XP level 1. HP: 19/19 MP: 1/1
     0 | D:1      | 0 ||| qw: Version: 0.2-a-29-gc1b59c4
     0 | D:1      | 0 ||| qw: Game counter: 4112
     0 | D:1      | 0 ||| qw: Always use a shield: true
     0 | D:1      | 0 ||| qw: God list: Okawaru
     0 | D:1      | 0 ||| qw: Allow faded altars: false
     0 | D:1      | 0 ||| qw: Do Orc after D:15 true
     0 | D:1      | 0 ||| qw: Do second Lair branch before Depths: true
     0 | D:1      | 0 ||| qw: Lair rune preference: random
     0 | D:1      | 0 ||| qw: Plans: Normal
     0 | D:1      | 0 ||| PLANNING D:1-11
     4 | D:1      | 4 ||| INVOKING Spit Poison.
     8 | D:1      | 8 ||| DROPPING scroll of butterflies.
    12 | D:1      | 12 ||| INVOKING Spit Poison.
    13 | D:1      | 13 ||| INVOKING Spit Poison.
    37 | D:1      | 37 ||| INVOKING Spit Poison.
    38 | D:1      | 38 ||| INVOKING Spit Poison.
    84 | D:1      | 84 ||| INVOKING Spit Poison.
    88 | D:1      | 88 ||| INVOKING Spit Poison.
    92 | D:1      | 92 ||| INVOKING Spit Poison.
   136 | D:1      | 136 ||| INVOKING Spit Poison.
   137 | D:1      | Reached skill level 4 in Ranged Weapons
   137 | D:1      | Reached XP level 2. HP: 26/26 MP: 2/2
   214 | D:1      | 214 ||| INVOKING Spit Poison.
   219 | D:1      | 219 ||| INVOKING Spit Poison.
   322 | D:1      | 322 ||| INVOKING Spit Poison.
   328 | D:1      | 328 ||| INVOKING Spit Poison.
   329 | D:1      | Reached XP level 3. HP: 32/32 MP: 3/3
   360 | D:1      | 360 ||| INVOKING Spit Poison.
   411 | D:1      | 411 ||| INVOKING Spit Poison.
   578 | D:1      | 578 ||| INVOKING Spit Poison.
   583 | D:1      | 583 ||| INVOKING Spit Poison.
   617 | D:1      | 617 ||| INVOKING Spit Poison.
   737 | D:1      | 737 ||| INVOKING Spit Poison.
   738 | D:1      | 738 ||| UPGRADING to +6 ring of dexterity.
   739 | D:1      | 739 ||| READING 4 scrolls labelled IRYTA JILIWK.
   740 | D:1      | 740 ||| READING scroll labelled VOHAEMANUNA.
   740 | D:1      | Identified a scroll of acquirement
   740 | D:1      | 740 ||| ACQUIRING +3 longbow of flaming
   740 | D:1      | Acquired a +3 longbow of flaming
   742 | D:1      | 742 ||| SWAPPING to +3 longbow of flaming.
   743 | D:1      | 743 ||| DROPPING +0 shortbow.
   744 | D:1      | 744 ||| READING scroll labelled NIMAC FELL.
   747 | D:1      | 747 ||| READING scroll labelled SELUFR BIMUN.
   748 | D:1      | 748 ||| READING 3 scrolls of identify.
   748 | D:1      | 748 ||| IDENTIFYING smoky yellow potion
   749 | D:1      | 749 ||| READING 2 scrolls of identify.
   749 | D:1      | 749 ||| IDENTIFYING fizzy golden potion
   750 | D:1      | 750 ||| DROPPING potion of degeneration.
   859 | D:2      | 859 ||| INVOKING Spit Poison.
   954 | D:2      | 954 ||| INVOKING Spit Poison.
   971 | D:2      | 971 ||| INVOKING Spit Poison.
   990 | D:2      | Identified the +2 scale mail "Yxtin" {rPois}
  1022 | D:2      | 1022 ||| INVOKING Spit Poison.
  1064 | D:2      | 1064 ||| INVOKING Spit Poison.
  1100 | D:2      | 1100 ||| INVOKING Spit Poison.
  1480 | D:2      | 1480 ||| UPGRADING to +0 helmet.
  1485 | D:2      | 1485 ||| READING 2 scrolls of enchant armour.
  1485 | D:2      | 1485 ||| ENCHANTING +0 helmet.
  1486 | D:2      | 1486 ||| READING scroll of enchant armour.
  1486 | D:2      | 1486 ||| ENCHANTING +1 helmet.
  1487 | D:2      | 1487 ||| READING scroll labelled USADWU WOSKIE.
  1519 | D:3      | 1519 ||| INVOKING Spit Poison.
  1542 | D:3      | Noticed Jessica
  1543 | D:3      | 1543 ||| Stepping ~*~*~tactically~*~*~ (outnumbered).
  1545 | D:3      | 1545 ||| Stepping ~*~*~tactically~*~*~ (outnumbered).
  1547 | D:3      | 1547 ||| Stepping ~*~*~tactically~*~*~ (outnumbered).
  1549 | D:3      | 1549 ||| Stepping ~*~*~tactically~*~*~ (outnumbered).
  1550 | D:3      | 1550 ||| INVOKING Spit Poison.
  1553 | D:3      | 1553 ||| INVOKING Spit Poison.
  1555 | D:3      | Reached skill level 5 in Ranged Weapons
  1555 | D:3      | Reached XP level 4. HP: 37/39 MP: 4/4
  1557 | D:3      | 1557 ||| INVOKING Spit Poison.
  1560 | D:3      | 1560 ||| INVOKING Spit Poison.
  1561 | D:3      | Killed Jessica
  1562 | D:3      | Reached skill level 3 in Fighting
  1562 | D:3      | Reached XP level 5. HP: 44/49 MP: 5/5
  1583 | D:3      | Found a faded altar of an unknown god.
  1653 | D:3      | 1653 ||| INVOKING Spit Poison.
  1707 | D:3      | You fall into a shaft and drop 3 floors!
  1714 | D:6      | 1714 ||| UPGRADING to ring of protection from cold.
  1715 | D:6      | 1715 ||| READING scroll labelled ZAYXUI ZEQU.
  1716 | D:6      | 1716 ||| DRINKING 3 silvery potions.
  1717 | D:6      | 1717 ||| READING 4 scrolls of identify.
  1717 | D:6      | 1717 ||| IDENTIFYING lumpy grey potion
  1718 | D:6      | 1718 ||| READING 3 scrolls of identify.
  1718 | D:6      | 1718 ||| IDENTIFYING smoky pink potion
  1719 | D:6      | 1719 ||| DROPPING potion of enlightenment.
  1720 | D:6      | Noticed an ice beast
  1721 | D:6      | 1721 ||| FLEEEEING.
  1722 | D:6      | 1722 ||| FLEEEEING.
  1723 | D:6      | 1723 ||| STAIRDANCE
  1724 | D:5      | Entered Level 5 of the Dungeon
  1753 | D:5      | 1753 ||| INVOKING Spit Poison.
  1757 | D:5      | Reached XP level 6. HP: 56/56 MP: 6/6
  1758 | D:5      | 1758 ||| INVOKING Spit Poison.
  1777 | D:5      | 1777 ||| READING scroll labelled RYRIMU MAGIB.
  1899 | D:4      | 1899 ||| INVOKING Spit Poison.
  1902 | D:4      | Reached skill level 6 in Ranged Weapons
  1914 | D:4      | Noticed Blork the orc
  1917 | D:4      | 1917 ||| INVOKING Spit Poison.
  1918 | D:4      | Killed Blork the orc
  1946 | D:4      | Noticed a +0 spear
  1946 | D:4      | Noticed a +0 falchion
  1946 | D:4      | Noticed a +0 short sword
  1946 | D:4      | Noticed a +0 spear
  1946 | D:4      | Noticed a +0 short sword
  1947 | D:4      | Noticed a +0 dagger
  1947 | D:4      | Noticed a +0 falchion
  1947 | D:4      | Noticed a +0 dagger
  1971 | D:4      | 1971 ||| INVOKING Spit Poison.
  1979 | D:4      | 1979 ||| INVOKING Spit Poison.
  2183 | D:3      | Found a bloodstained altar of Trog.
  2184 | D:3      | 2184 ||| INVOKING Spit Poison.
  2191 | D:3      | 2191 ||| INVOKING Spit Poison.
  2196 | D:3      | 2196 ||| INVOKING Spit Poison.
  2264 | D:3      | 2264 ||| READING scroll labelled NILEZU PO WEURGHUFF.
  2564 | D:4      | Found a hide-covered altar of Uskayaw.
  2634 | D:4      | 2634 ||| INVOKING Spit Poison.
  2844 | D:5      | 2844 ||| INVOKING Spit Poison.
  2846 | D:5      | 2846 ||| STAIRDANCE
  2847 | D:5      | Reached XP level 7. HP: 55/64 MP: 7/7
  2960 | D:5      | 2960 ||| INVOKING Spit Poison.
  2963 | D:5      | 2963 ||| INVOKING Spit Poison.
  3059 | D:5      | Reached skill level 7 in Ranged Weapons
  3081 | D:5      | 3081 ||| INVOKING Spit Poison.
  3087 | D:5      | 3087 ||| INVOKING Spit Poison.
  3091 | D:5      | 3091 ||| INVOKING Spit Poison.
  3095 | D:5      | 3095 ||| INVOKING Spit Poison.
  3096 | D:5      | 3096 ||| INVOKING Spit Poison.
  3101 | D:5      | HP: 8/64 [centaur/arrow (10)]
  3102 | D:5      | 3102 ||| READING scroll of teleportation.
  3103 | D:5      | 3103 ||| INVOKING Spit Poison.
  3104 | D:5      | Reached skill level 8 in Ranged Weapons
  3104 | D:5      | Reached XP level 8. HP: 10/72 MP: 8/8
  3140 | D:5      | 3140 ||| FLEEEEING.
  3141 | D:5      | 3141 ||| FLEEEEING.
  3142 | D:5      | 3142 ||| STAIRDANCE
  3297 | D:4      | 3297 ||| UPGRADING to +0 pair of gloves.
  3302 | D:4      | 3302 ||| UPGRADING to +0 cloak.
  3309 | D:5      | 3309 ||| INVOKING Spit Poison.
  3339 | D:5      | 3339 ||| READING scroll of enchant weapon.
  3339 | D:5      | 3339 ||| ENCHANTING +4 longbow of flaming.
  3533 | D:6      | 3533 ||| INVOKING Spit Poison.
  3537 | D:6      | 3537 ||| INVOKING Spit Poison.
  3538 | D:6      | 3538 ||| INVOKING Spit Poison.
  3573 | D:6      | Identified the +9 long sword "Erghykup" {elec, rF+}
  3580 | D:6      | Noticed a vampire
  3590 | D:6      | 3590 ||| DRINKING 3 potions of curing.
  3590 | D:6      | 3590 ||| (to cure confusion)
  3591 | D:6      | Killed a vampire
  3726 | D:6      | 3726 ||| INVOKING Spit Poison.
  3737 | D:6      | 3737 ||| INVOKING Spit Poison.
  3759 | D:6      | 3759 ||| READING scroll of enchant armour.
  3759 | D:6      | 3759 ||| ENCHANTING +0 pair of gloves.
  3786 | D:6      | 3786 ||| INVOKING Spit Poison.
  3788 | D:6      | Reached skill level 3 in Dodging
  4004 | D:6      | Found a staircase to the Ecumenical Temple.
  4005 | D:6      | 4005 ||| PLANNING TEMPLE
  4005 | D:6      | 4005 ||| READING scroll labelled XELOABR SIOFO.
  4014 | Temple   | Entered the Ecumenical Temple
  4016 | Temple   | 4016 ||| PLANNING OKAWARU WORSHIP
  4060 | Temple   | Became a worshipper of Warmaster Okawaru
  4060 | Temple   | 4060 ||| PLANNING D:1-11
  4438 | D:6      | 4438 ||| READING 4 scrolls of identify.
  4438 | D:6      | 4438 ||| IDENTIFYING fuming dark potion
  4439 | D:6      | 4439 ||| DROPPING potion of invisibility.
  4534 | D:7      | 4534 ||| INVOKING Spit Poison.
  4590 | D:7      | 4590 ||| INVOKING Spit Poison.
  4593 | D:7      | 4593 ||| INVOKING Spit Poison.
  4662 | D:7      | Found a blossoming altar of Fedhas.
  4673 | D:7      | 4673 ||| INVOKING Spit Poison.
  4682 | D:7      | 4682 ||| INVOKING Spit Poison.
  4686 | D:7      | 4686 ||| INVOKING Spit Poison.
  4686 | D:7      | HP: 18/74 [gnoll/+0 halberd[a gnoll sergeant] (8)]
  4687 | D:7      | 4687 ||| READING 2 scrolls of teleportation.
  4687 | D:7      | HP: 8/74 [gnoll/+0 halberd[a gnoll sergeant] (6)]
  4688 | D:7      | HP: 3/74 [gnoll/+0 club[a gnoll sergeant] (2)]
  4688 | D:7      | Slain by a gnoll

Levels and vault maps discovered:
D:1:      lightli_arrival_boilingwater, layout_loops_ring,
          palyth_stone_intersect, chequers_hall_statues_corner_a
D:2:      layout_loops_ring, dk_noncrumbling_3, dk_noncrumbling_2
D:3:      layout_rooms, trog_butcher_becter, nicolae_ecumenical_oubliette,
          uniq_jessica
D:4:      layout_basic, nicolae_uskayaw_en_pointe, uniq_blork_the_orc
D:5:      layout_basic, minivault_27, minmay_fractal_squares_5
D:6:      layout_basic, minmay_temple_entry_offerings
D:7:      layout_cave_pools, fedhas_altar_3, grunt_decor_junction
Temple:   nicolae_temple_ecumenical_triangle

Skill      XL: |  1  2  3  4  5  6  7  8 |
---------------+-------------------------+-----
Ranged Weapons | 4 5 6 8 |  8.5
Fighting       | 3 4 5 |  5.0
Dodging        | 2 3 |  3.2
Armour         | 2 |  2.4
Stealth        | |  1.5

Action                     |  1- 3 |  4- 6 |  7- 9 || total
---------------------------+-------+-------+-------++-------
   Fire: Shortbow          |    55 |       |       ||    55
         Longbow           |    20 |    35 |    71 ||   126
Ability: Spit Poison       |    26 |    14 |    19 ||    59
    Use: Scroll            |     9 |     5 |     6 ||    20
         Potion            |       |     1 |     1 ||     2
 Armour: Leather armour    |    13 |     5 |    11 ||    29
  Dodge: Dodged            |    18 |     3 |    21 ||    42

Table legend:
 A = Non-vault XP
 B = Vault XP
 C = Vault XP percentage of total XP
 D = Non-vault monster count
 E = Vault monster count
 F = Vault count percentage of total count
                 A         B        C        D         E       F
            +---------+---------+-------+---------+---------+-------
      Total |    1701 |     442 |  20.6 |      88 |      12 |  12.0
            +---------+---------+-------+---------+---------+-------
        D:1 |      48 |       0 |   0.0 |      25 |       0 |   0.0
        D:2 |      27 |       0 |   0.0 |      12 |       0 |   0.0
        D:3 |     101 |      45 |  30.8 |      11 |       5 |  31.2
        D:4 |     100 |      99 |  49.7 |       9 |       1 |  10.0
        D:5 |     515 |     298 |  36.7 |      11 |       6 |  35.3
        D:6 |     733 |       0 |   0.0 |       7 |       0 |   0.0
        D:7 |     177 |       0 |   0.0 |      13 |       0 |   0.0
            +---------+---------+-------+---------+---------+-------
